 Dungeon Sprint DCSS version 0.27-a0-1139-g28e009f8a6 (webtiles) character file.

Game seed: 5374255909841568854

28116 Zeld the Scorcher (level 13, -10/98 HPs)
             Began as an Octopode Fire Elementalist on May 7, 2021.
             Was a High Priest of Sif Muna.
             Mangled by an emperor scorpion (25 damage)
             ... in the Dungeon (Sprint V: "Ziggurat Sprint").
             The game lasted 00:12:37 (4391 turns).

Zeld the Scorcher (Octopode Fire Elementalist)      Turns: 4391, Time: 00:12:37

Health: -10/98     AC:  1    Str: 13    XL:     13   Next: 36%
Magic:  29/38      EV: 20    Int: 40    God:    Sif Muna [*****.]
Gold:   0          SH:  5    Dex: 15    Spells: 1/36 levels left

rFire    + + .     SeeInvis .   O - staff of fire
rCold    + . .     Faith    .   (no shield)
rNeg     . . .     Spirit   .   (helmet restricted)
rPois    +         Reflect  +   u - amulet of Lucidity {Reflect rElec Will+ Str+3 SH+5 Stlth+}
rElec    +         Harm     .   z - ring of the Scavenger {rPois rF+ rC+ MP+9 Dex-4}
rCorr    +         Rampage  .   y - +6 ring of intelligence
Will     ++...     NoTele   +   x - +6 ring of intelligence
Stlth    ++++......             g - ring of wizardry
HPRegen  0.26/turn              (no ring)
MPRegen  0.26/turn              L - ring of Nihilism {rCorr Str+2 Int+6}
                                (no ring)
                                E - ring "Deoha" {+Blink Will+ Dex+7}

@: channeling
A: almost no armour, amphibious, 8 rings, camouflage 1, gelatinous body 1,
(nimble swimmer 1), tentacles
a: Renounce Religion, Evoke Blink, Channel Magic, Forget Spell, Divine Exegesis


You were in the Dungeon.
You worshipped Sif Muna.
Sif Muna was extremely pleased with you.
You visited 1 branch

Inventory:

Armour
 a - a +3 tower shield
Magical Staves
 O - a staff of fire (weapon)
Jewellery
 g - a ring of wizardry (on tentacle)
 u - the amulet of Lucidity (around mantle) {Reflect rElec Will+ Str+3 SH+5 Stlth+}
   (You found it in the Dungeon)

   [amulet of reflection]

   It reflects blocked missile attacks.
   It affects your strength (+3).
   It insulates you from electricity.
   It affects your SH (+5).
   It increases your willpower.
   It makes you more stealthy.
 x - a +6 ring of intelligence (on tentacle)
 y - a +6 ring of intelligence (right tentacle)
 z - the ring of the Scavenger (left tentacle) {rPois rF+ rC+ MP+9 Dex-4}
   (You found it in the Dungeon)

   [ring of magical power]

   It affects your dexterity (-4).
   It protects you from fire.
   It protects you from cold.
   It protects you from poison.
   It affects your magic capacity (+9).
 E - the ring "Deoha" (on tentacle) {+Blink Will+ Dex+7}
   (You found it in the Dungeon)

   [ring of willpower]

   It affects your dexterity (+7).
   It lets you blink.
   It increases your willpower.
 L - the ring of Nihilism (on tentacle) {rCorr Str+2 Int+6}
   (You found it in the Dungeon)

   [ring of intelligence]

   It affects your strength (+2).
   It affects your intelligence (+6).
   It protects you from acid and corrosion.
Wands
 r - a wand of mindburst (7)
 t - a wand of acid (3)
 M - a wand of flame (21)
Scrolls
 h - 4 scrolls of amnesia
 i - 8 scrolls of fog
 j - a scroll of holy word
 k - 5 scrolls of identify
 l - 2 scrolls of fear
 P - a scroll of brand weapon
Potions
 b - 12 potions of curing
 c - 9 potions of heal wounds
 d - 6 potions of haste
 e - 6 potions of magic
 f - 3 potions of berserk rage
 m - 2 potions of brilliance
 n - 2 potions of invisibility
 o - 4 potions of resistance
 q - 5 potions of might
Miscellaneous
 p - a condenser vane
 s - a phantom mirror
 v - a lightning rod (4/4)
 w - a tin of tremorstones (2/2)
 A - a box of beasts
 B - a lightning rod (4/4)
 C - a condenser vane
 D - a condenser vane
 F - a phial of floods
 G - a condenser vane
 H - a tin of tremorstones (2/2)
 I - a piece from Xom's chessboard (15/15)
 J - a piece from Xom's chessboard (15/15)
 K - a lightning rod (4/4)
 N - a condenser vane
 Q - a box of beasts


   Skills:
 + Level 12.7 Fighting
 + Level 12.9 Dodging
 - Level 2.6 Stealth
 + Level 12.4 Spellcasting
 + Level 13.2 Conjurations
 * Level 18.0 Fire Magic
 * Level 15.5 Invocations


You had one spell level left.
You knew the following spells:

 Your Spells              Type           Power      Damage    Failure   Level
a - Foxfire               Conj/Fire      100%       2x1d9     0%          1
b - Conjure Flame         Conj/Fire      100%       6-21      0%          3
c - Sticky Flame          Conj/Fire      100%       2d11      0%          4
d - Fireball              Conj/Fire      61%        3d23      1%          5
e - Bolt of Magma         Conj/Fire/Erth 52%        4d21      1%          5
f - Ignition              Fire           65%        3d17      2%          8
g - Fire Storm            Conj/Fire      61%        8d16      63%         9

Your spell library contained the following spells:

 Spells                   Type           Power      Damage    Failure   Level
 Magic Dart               Conj           100%       1d8       0%          1
 Animate Skeleton         Necr           48%        N/A       1%          1
 Freeze                   Ice            96%        1d11      1%          1
 Sting                    Tmut/Pois      96%        1d7       1%          1
 Searing Ray              Conj           100%       3d7       0%          2
 Blink                    Tloc           N/A        N/A       1%          2
 Call Imp                 Summ           24%        N/A       1%          2
 Corpse Rot               Necr/Air       N/A        N/A       1%          2
 Passwall                 Tmut/Erth      20%        N/A       1%          2
 Slow                     Hex            24%        N/A       1%          2
 Confusing Touch          Hex            24%        N/A       1%          3
 Dazzling Flash           Conj/Hex       100%       N/A       1%          3
 Gell's Gravitas          Tloc           12%        N/A       1%          3
 Ignite Poison            Fire/Tmut/Pois 83%        N/A       1%          3
 Inner Flame              Hex/Fire       98%        N/A       1%          3
 Lesser Beckoning         Tloc           12%        N/A       1%          3
 Mephitic Cloud           Conj/Pois/Air  57%        N/A       1%          3
 Spider Form              Tmut/Pois      12%        N/A       1%          3
 Stone Arrow              Conj/Erth      100%       3d13      1%          3
 Summon Guardian Golem    Hex/Summ       24%        N/A       1%          3
 Fulminant Prism          Conj/Hex       33%        3d16      1%          4
 Hailstorm                Conj/Ice       67%        3d14      1%          4
 Iskenderun's Mystic Bla  Conj/Tloc      67%        2d14      1%          4
 Iskenderun's Battlesphe  Conj           92%        2d14      1%          5
 Orb of Destruction       Conj           46%        9d15      1%          7
 Cause Fear               Hex            12%        N/A       6%          4
 Leda's Liquefaction      Hex/Erth       12%        N/A       6%          4
 Passage of Golubria      Tloc           N/A        N/A       6%          4
 Petrify                  Tmut/Erth      24%        N/A       6%          4
 Summon Ice Beast         Ice/Summ       24%        N/A       6%          4
 Iron Shot                Conj/Erth      33%        9d7       6%          6
 Freezing Cloud           Conj/Ice/Air   28%        6-21      14%         6
 Alistair's Intoxication  Tmut/Pois      16%        N/A       16%         5
 Borgnjor's Vile Clutch   Necr/Erth      12%        N/A       16%         5
 Hydra Form               Tmut           12%        N/A       16%         5
 Manifold Assault         Tloc           24%        N/A       16%         5
 Metabolic Englaciation   Hex/Ice        12%        N/A       16%         5
 Silence                  Hex/Air        12%        N/A       16%         5
 Summon Forest            Summ/Tloc      12%        N/A       16%         5
 Summon Mana Viper        Hex/Summ       24%        N/A       16%         5
 Yara's Violent Unravell  Hex/Tmut       12%        3d7       16%         5
 Spellforged Servitor     Conj/Summ      33%        N/A       30%         7
 Dispersal                Tloc           12%        N/A       61%         6
 Eringya's Noxious Bog    Tmut/Pois      12%        N/A       61%         6
 Statue Form              Tmut/Erth      16%        N/A       61%         6
 Lehudib's Crystal Spear  Conj/Erth      33%        10d9      91%         8
 Malign Gateway           Summ/Tloc      12%        N/A       98%         7
 Ozocubu's Refrigeration  Ice            12%        4d7       98%         7
 Summon Hydra             Summ           12%        N/A       98%         7
 Discord                  Hex            12%        N/A       100%        8
 Disjunction              Tloc           12%        N/A       100%        8


Dungeon Overview and Level Annotations

Branches:
Dungeon (1/1)

Altars:
Ashenzari
Cheibriados
Dithmenos
Elyvilon
Fedhas
Gozag
Hepliaklqana
Kikubaaqudgha
Makhleb
Nemelex Xobeh
Okawaru
Qazlal
Ru
Sif Muna
Trog
Uskayaw
Vehumet
Wu Jian
Xom
Yredelemnul
Zin
The Shining One
Beogh
Jiyva
Lugonu

Annotations:
D 1 transporter


Innate Abilities, Weirdness & Mutations

You cannot wear most types of armour.
You are amphibious.
You can wear up to eight rings at the same time.
Your skin changes colour to match your surroundings (Stealth+).
Your rubbery body absorbs attacks. (AC +1, EV +1)
((You are camouflaged near water. (Stealth+)))
You have tentacles for arms and can constrict up to eight enemies at once.


Message History

The emperor scorpion claws you!
The emperor scorpion completely misses you.
You block the emperor scorpion's attack.
The emperor scorpion misses you.
You blink.
Unknown command.
You blink.
Okay, then.
Casting: Fireball (safe; 1% risk of failure)
Confirm with . or Enter, or press ? or * to list all spells.
Aiming: Bolt of Magma (mildly dangerous; 1% risk of failure)
Press: ? - help, Shift-Dir - straight line You feel a surge of power!
The bolt of magma hits the emperor scorpion!!
The emperor scorpion is heavily wounded.
The bolt of magma misses the emperor scorpion.
The emperor scorpion misses you. The emperor scorpion claws you.
The emperor scorpion completely misses you.
Unknown command.
Casting: Bolt of Magma (mildly dangerous; 1% risk of failure)
Confirm with . or Enter, or press ? or * to list all spells.
Aiming: Bolt of Magma (mildly dangerous; 1% risk of failure)
Press: ? - help, Shift-Dir - straight line
Okay, then.
Okay, then.
Unknown command.
You fail to use your ability.
The emperor scorpion closely misses you.
The emperor scorpion claws you.
You block the emperor scorpion's attack.
The emperor scorpion stings you.
* * * LOW HITPOINT WARNING * * *
The emperor scorpion barely misses you.
You block the emperor scorpion's attack.
You fail to use your ability.
The emperor scorpion barely misses you.
The emperor scorpion closely misses you.
The emperor scorpion claws you!
* * * LOW HITPOINT WARNING * * *
The emperor scorpion stings you!!
You die...

▓..©..▓..©..▓▓
▓▓▓▓▓▓▓▓▓▓▓▓▓▓▓
▓..8©8...▓..8©8
▓..|.)...▓.....
▓........▓..:..
▓▓▓▓▓▓▓▓▓▓▓▓▓........▓...÷.
▓....8©8....▓........▓..÷..
▓..)"[):}s..▓.▓....▓.▓.▓...
▓...:))}[s@.▓...©....▓...©.
▓...........▓▓▓▓▓▓▓▓▓▓▓▓▓▓▓
▓...........▓...8©8...▓..8©
▓.:....††...▓...).....▓..)=
▓.......†...▓..=))....▓...:
▓..▓.....▓..▓...)))...▓...)
▓.▓▓▓...▓▓▓.▓....))...▓..÷.
▓..▓.†...▓..▓.........▓....
▓.....©.....▓.........▓....


You could see 2 emperor scorpions.

Vanquished Creatures
  2 pearl dragons (D)
  2 fire giants (D)
  An angel (D)
  2 ophanim (D)
  An entropy weaver (D)
  3 fire dragons (D)
  5 hell hogs (D)
  A two-headed ogre (D)
  3 orb spiders (D)
  A wolf spider (D)
  4 draconians (D)
  A cyclops (D)
  A naga mage (D)
  3 cane toads (D)
  An efreet (D)
  2 demonic crawlers (D)
  A jumping spider (D)
  A hornet (D)
  2 tarantellas (D)
  Sigmund (D)
  A redback (D)
  3 fire elementals (D)
  Edmund (D)
  2 hell hounds (D)
  Duvessa (D)
  4 orc warriors (D)
  An ogre (D)
  A wolf (D)
  2 phantoms (D)
  Blork the orc (D)
  A bullfrog (D)
  A scorpion (D)
  Dowan (D)
  Crazy Yiuf (D)
  An orc priest (D)
  Jessica (D)
  An iguana (D)
  2 orc wizards (D)
  6 adders (D)
  2 river rats (D)
  A shadow imp (D)
  2 orcs (D)
  A bat skeleton (D)
  A bat zombie (D)
  4 ball pythons (D)
  A ball python skeleton (D)
  A ball python zombie (D)
  A giant cockroach zombie (D)
  A jackal skeleton (D)
  2 fire vortices (D)
87 creatures vanquished.

Vanquished Creatures (collateral kills)
  A fire vortex (D)
1 creature vanquished.

Vanquished Creatures (others)
  2 fire giants (D)
  A hell hog (D)
  9 fire vortices (D)
  21 foxfires (D)
33 creatures vanquished.

Grand Total: 121 creatures vanquished

Notes
Turn   | Place    | Note
-------+----------+-------------------------------------------
     0 | D        | Zeld the Octopode Fire Elementalist began the quest for the
                  | Orb.
     0 | D        | Reached XP level 1. HP: 11/11 MP: 3/3
     1 | D        | Found a blossoming altar of Fedhas.
     2 | D        | Found the +6 Majin-Bo {vamp, MP+6 Int+6}
     2 | D        | Found the +9 heavy crossbow "Sniper" {vorpal, Acc+∞ SInv}
     2 | D        | Found the +10 dark maul {vorpal}
     2 | D        | Found the +15 Maxwell's patent armour {-Cast -Tele rElec
                  | Will+ rCorr}
     2 | D        | Found the +18 shield of the Gong {rElec rN+ Will+ EV-5}
     2 | D        | Found the +14 obsidian axe {vorpal, Drain Fly SInv}
     2 | D        | Found the +7 great mace "Firestarter" {inner flame, rF++}
     2 | D        | Found the +6 shillelagh "Devastator" {shatter}
     2 | D        | Found the +11 plutonium sword {Contam Stlth-}
     2 | D        | Found the +8 lance "Wyrmbane" {slay drac, rPois rF+ rC+
                  | AC+3}
     2 | D        | Found the +9 sword of Zonguldrok {reap}
     2 | D        | Found the +13 scythe of Curses {drain, Drain}
     2 | D        | Found the +5 sword of Power {vorpal}
     2 | D        | Found the +7 mace of Variability {chain chaos}
     2 | D        | Found the +7 Singing Sword {vorpal, sonic wave}
     2 | D        | Found the +8 storm bow {elec, penet}
     6 | D        | Found a viscous altar of Jiyva.
     6 | D        | Found a hazy altar of Hepliaklqana.
     6 | D        | Found a transporter.
     6 | D        | Found an opulent altar of Gozag.
     6 | D        | Found an ancient bone altar of Kikubaaqudgha.
     6 | D        | Found a corrupted altar of Lugonu.
    16 | D        | Found a burning altar of Makhleb.
    17 | D        | Found a sacrificial altar of Ru.
    17 | D        | Found a shimmering blue altar of Sif Muna.
    17 | D        | Found a stormy altar of Qazlal.
    17 | D        | Found a bloodstained altar of Trog.
    17 | D        | Found an iron altar of Okawaru.
    17 | D        | Found a sparkling altar of Nemelex Xobeh.
    46 | D        | Became a worshipper of Sif Muna the Loreminder
    49 | D        | Reached skill level 5 in Fire Magic
    49 | D        | Reached XP level 2. HP: 17/17 MP: 4/6
   155 | D        | Entered arena 2.
   155 | D        | Noticed a tarantella
   155 | D        | Noticed a scorpion
   155 | D        | Found a transporter.
   157 | D        | Killed a scorpion
   158 | D        | Reached skill level 1 in Fighting
   158 | D        | Reached skill level 6 in Fire Magic
   158 | D        | Reached XP level 3. HP: 24/24 MP: 6/8
   158 | D        | Reached XP level 4. HP: 29/29 MP: 7/10
   158 | D        | Killed a tarantella
   159 | D        | Reached skill level 5 in Spellcasting
   159 | D        | Reached skill level 5 in Conjurations
   159 | D        | Reached skill level 7 in Fire Magic
   159 | D        | Reached XP level 5. HP: 37/37 MP: 7/12
   159 | D        | Reached XP level 6. HP: 43/43 MP: 7/13
   163 | D        | Learned a level 3 spell: Conjure Flame
   168 | D        | Learned a level 4 spell: Sticky Flame
   174 | D        | Learned a level 5 spell: Fireball
   254 | D        | Entered arena 3.
   254 | D        | Noticed a two-headed ogre
   254 | D        | Noticed a cyclops
   254 | D        | Found a transporter.
   260 | D        | Killed a two-headed ogre
   260 | D        | Reached * piety under Sif Muna
   261 | D        | Reached skill level 10 in Fire Magic
   261 | D        | Reached XP level 7. HP: 40/52 MP: 9/17
   261 | D        | Killed a cyclops
   262 | D        | Reached skill level 11 in Fire Magic
   262 | D        | Reached XP level 8. HP: 45/58 MP: 9/18
   581 | D        | Entered arena 4.
   581 | D        | Noticed a draconian
   581 | D        | Noticed a draconian
   581 | D        | Noticed a draconian
   581 | D        | Noticed a draconian
   581 | D        | Found a transporter.
   582 | D        | Identified the +9 mace of Qooduxyso {venom, rF+}
   584 | D        | Killed a draconian
   584 | D        | Reached ** piety under Sif Muna
   585 | D        | Reached XP level 9. HP: 64/64 MP: 4/20
   587 | D        | Killed a draconian
   588 | D        | Reached skill level 12 in Fire Magic
   588 | D        | Killed a draconian
   591 | D        | Killed a draconian
   784 | D        | Got the ring "Deoha" {+Blink Will+ Dex+7}
   788 | D        | Entered arena 5.
   788 | D        | Found a transporter.
   789 | D        | Reached *** piety under Sif Muna
   847 | D        | Entered arena 6.
   847 | D        | Found a transporter.
   848 | D        | Reached **** piety under Sif Muna
   861 | D        | Got the Handbook of Pathos
  1231 | D        | Entered arena 7.
  1231 | D        | Noticed a naga mage
  1232 | D        | Reached ***** piety under Sif Muna
  1233 | D        | Killed a naga mage
  1234 | D        | Reached skill level 13 in Fire Magic
  1234 | D        | Reached skill level 5 in Invocations
  1234 | D        | Reached XP level 10. HP: 73/73 MP: 11/22
  1295 | D        | Found a transporter.
  1329 | D        | Got the ring of Nihilism {rCorr Str+2 Int+6}
  1487 | D        | Entered arena 8.
  1488 | D        | Identified Sif Muna's Compendium of Ashen Necromancy (Sif
                  | Muna gifted it to you in the Dungeon)
  1488 | D        | Received a gift from Sif Muna
  1501 | D        | Learned a level 5 spell: Bolt of Magma
  1543 | D        | Found a transporter.
  1597 | D        | Got the amulet of Lucidity {Reflect rElec Will+ Str+3 SH+5
                  | Stlth+}
  1786 | D        | Entered arena 9.
  1786 | D        | Noticed Sigmund
  1786 | D        | Noticed Jessica
  1786 | D        | Noticed Blork the orc
  1786 | D        | Noticed Crazy Yiuf
  1786 | D        | Noticed Dowan
  1786 | D        | Noticed Duvessa
  1786 | D        | Noticed Edmund
  1787 | D        | Found the +3 Elemental Staff {rElec rF++ rC++ Will++ AC+5}
  1788 | D        | Killed Duvessa
  1788 | D        | Killed Jessica
  1788 | D        | Killed Dowan
  1788 | D        | Killed Edmund
  1788 | D        | Identified Sif Muna's Collected Works on Ensnaring Shape
                  | Shifting (Sif Muna gifted it to you in the Dungeon)
  1788 | D        | Received a gift from Sif Muna
  1789 | D        | Killed Blork the orc
  1790 | D        | Killed Sigmund
  1790 | D        | Killed Crazy Yiuf
  1794 | D        | Found a transporter.
  1907 | D        | Got the ring of the Scavenger {rPois rF+ rC+ MP+9 Dex-4}
  2067 | D        | Entered arena 10.
  2067 | D        | Noticed a cane toad
  2067 | D        | Noticed a cane toad
  2067 | D        | Noticed a cane toad
  2069 | D        | Killed a cane toad
  2069 | D        | Killed a cane toad
  2070 | D        | Reached skill level 10 in Conjurations
  2070 | D        | Killed a cane toad
  2070 | D        | Reached ****** piety under Sif Muna
  2070 | D        | Identified Sif Muna's Guide on Transmigration (Sif Muna
                  | gifted it to you in the Dungeon)
  2070 | D        | Received a gift from Sif Muna
  2077 | D        | Found a transporter.
  2179 | D        | Entered arena 11.
  2182 | D        | Identified Sif Muna's Grimoire of Igneous Poison (Sif Muna
                  | gifted it to you in the Dungeon)
  2182 | D        | Received a gift from Sif Muna
  2183 | D        | Reached skill level 14 in Fire Magic
  2196 | D        | Learned a level 8 spell: Ignition
  2201 | D        | Found a transporter.
  2747 | D        | Entered arena 12.
  2747 | D        | Noticed an angel
  2747 | D        | Noticed an ophan
  2749 | D        | Noticed a pearl dragon
  2749 | D        | Noticed an ophan
  2749 | D        | Noticed a pearl dragon
  2750 | D        | Found the +1 cloak of Starlight {*Dazzle EV+4 Stlth--}
  2760 | D        | Killed a pearl dragon
  2760 | D        | Killed a pearl dragon
  2761 | D        | Reached skill level 10 in Fighting
  2761 | D        | Reached skill level 10 in Dodging
  2761 | D        | Reached skill level 10 in Spellcasting
  2761 | D        | Reached skill level 15 in Fire Magic
  2761 | D        | Reached XP level 11. HP: 28/82 MP: 4/25
  2761 | D        | Found a transporter.
  2763 | D        | HP: 1/82 [ophan/bolt of fire (17)]
  2768 | D        | Killed an angel
  2769 | D        | Killed an ophan
  2770 | D        | Killed an ophan
  2770 | D        | Identified Sif Muna's Compendium of the Traveller (Sif Muna
                  | gifted it to you in the Dungeon)
  2770 | D        | Received a gift from Sif Muna
  2771 | D        | Reached XP level 12. HP: 8/90 MP: 11/26
  3196 | D        | Entered arena 13.
  3196 | D        | Noticed a fire giant
  3196 | D        | Noticed a hell hog
  3196 | D        | Noticed a fire giant
  3196 | D        | Noticed a fire giant
  3197 | D        | Noticed a fire dragon
  3205 | D        | Found a transporter.
  3216 | D        | Killed a hell hog
  3216 | D        | Killed a fire giant
  3217 | D        | Reached skill level 16 in Fire Magic
  3217 | D        | Killed a fire giant
  3217 | D        | Killed a fire dragon
  3217 | D        | Killed a fire giant
  3617 | D        | Entered arena 14.
  3631 | D        | Noticed a hell hog
  3631 | D        | Noticed a hell hog
  3631 | D        | Noticed a hell hog
  3632 | D        | Identified Sif Muna's Almanac of the Displaced Snowflakes
                  | (Sif Muna gifted it to you in the Dungeon)
  3632 | D        | Received a gift from Sif Muna
  3632 | D        | Noticed a hell hog
  3632 | D        | Noticed a fire dragon
  3632 | D        | Noticed a fire dragon
  3633 | D        | Killed a hell hog
  3633 | D        | Killed a hell hog
  3633 | D        | Noticed a fire giant
  3633 | D        | Noticed a hell hog
  3634 | D        | Reached skill level 17 in Fire Magic
  3634 | D        | Killed a hell hog
  3634 | D        | Killed a hell hog
  3637 | D        | Killed a fire dragon
  3639 | D        | Killed a fire dragon
  3640 | D        | Reached XP level 13. HP: 20/97 MP: 15/28
  3647 | D        | Killed a fire giant
  3664 | D        | Learned a level 9 spell: Fire Storm
  3666 | D        | Found a transporter.
  4084 | D        | Entered arena 15.
  4086 | D        | Noticed an entropy weaver
  4087 | D        | Found the +5 scythe "Finisher" {speed, eviscerate}
  4371 | D        | Reached skill level 15 in Invocations
  4371 | D        | Noticed an emperor scorpion
  4371 | D        | Noticed an emperor scorpion
  4372 | D        | Killed an entropy weaver
  4377 | D        | Found a transporter.
  4378 | D        | Identified Sif Muna's Compendium of Shifting Necromancy
                  | (Sif Muna gifted it to you in the Dungeon)
  4378 | D        | Received a gift from Sif Muna
  4379 | D        | Reached skill level 18 in Fire Magic
  4391 | D        | Mangled by an emperor scorpion

Illustrated notes

Levels and vault maps discovered:
D:        sprint_v [room_start, room_1, room_2, room_3, room_4, room_5, room_6,
          room_7, room_8, room_9, room_10, room_11, room_12, room_13, room_14,
          room_15, room_16, room_17, room_18, room_19, room_20, room_21,
          room_22, room_23, room_24, room_25, room_26, room_27]

Skill      XL: |  1  2  3  4  5  6  7  8  9 10 11 12 13 |
---------------+----------------------------------------+-----
Spellcasting   | 3 4 5 6 7 8 10 11 12 | 12.4
Conjurations   | 2 3 5 7 8 9 11 12 13 | 13.2
Fire Magic     | 5 6 7 10 11 13 15 17 18 | 18.0
Invocations    | 4 5 11 12 14 15 | 15.5
Fighting       | 1 3 6 7 8 10 11 12 | 12.7
Dodging        | 4 6 7 8 10 11 12 | 12.9
Stealth        | |  2.6

Action                   |  1- 3 |  4- 6 |  7- 9 | 10-12 | 13-15 || total
-------------------------+-------+-------+-------+-------+-------++-------
Melee: Unarmed           |       |       |       |     2 |       ||     2
       Constrict         |       |       |       |     1 |     2 ||     3
       Tentacles         |       |       |       |     1 |     2 ||     3
       Staff             |       |       |       |       |     5 ||     5
 Cast: Fireball          |       |     3 |    10 |    35 |    10 ||    58
       Fire Storm        |       |       |       |     4 |       ||     4
       Foxfire           |       |       |       |     2 |    10 ||    12
       Bolt of Magma     |       |       |       |       |     1 ||     1
       Ignition          |       |       |       |       |     1 ||     1
Invok: Channel Magic     |       |       |       |     2 |     2 ||     4
       Divine Exegesis   |       |       |       |     5 |       ||     5
 Abil: Evoke Blink       |       |       |       |     6 |     5 ||    11
Evoke: Wand              |     2 |       |       |     3 |     6 ||    11
       Lightning rod     |       |     2 |     2 |    11 |       ||    15
       Condenser vane    |       |       |     1 |       |       ||     1
       Box of beasts     |       |       |       |     3 |       ||     3
       Phial of floods   |       |       |       |     1 |       ||     1
       Piece from Xom's  |       |       |       |     1 |       ||     1
  Use: Potion            |     1 |     1 |       |     4 |     1 ||     7
       Scroll            |       |     1 |       |     3 |       ||     4
Armor: Skin              |       |       |       |     1 |       ||     1
Dodge: Dodged            |     1 |     1 |    10 |    25 |    32 ||    69
Block: Other             |       |       |       |     3 |     5 ||     8

Table legend: (Time is in decaauts)
 A = Elapsed time spent in this place.
 B = Non-inter-level travel time spent in this place.
 C = Inter-level travel time spent in this place.
 D = Time resting spent in this place.
 E = Time spent auto-exploring this place.
 F = Levels seen in this place.
 G = Mean time per level.
                   A        B        C        D        E       F      G
               +--------+--------+--------+--------+--------+-----+--------+
         Total |   4383 |   4383 |      0 |   3759 |     17 |   1 | 4383.0 |
       Dungeon |   4383 |   4383 |      0 |   3759 |     17 |   1 | 4383.0 |
               +--------+--------+--------+--------+--------+-----+--------+

Top non-repeatable levels by time:
       D: 4383 daAuts
